 Dungeon Crawl Stone Soup version 0.30-a0-738-g116ff8c4af (webtiles) character file.

Game seed: 12033680848634691817

58 warriortoast the Trooper (level 4, 10/38 HPs)
             Began as a Barachi Fighter on Jan 31, 2023.
             Was a Plaything of Xom.
             Quit the game on level 2 of the Dungeon on Feb 3, 2023.
             The game lasted 00:03:15 (1324 turns).

warriortoast the Trooper (Barachi Fighter)          Turns: 1324, Time: 00:03:15

Health: 10/38      AC:  6    Str: 20      XL:     4   Next: 1%
Magic:  4/4        EV:  9    Int:  8      God:    Xom [......]
Gold:   100        SH:  4    Dex:  9 (11) Spells: 3/3 levels left

rFire   . . .      SeeInvis .    a - +0 war axe
rCold   . . .      Faith    .    c - +0 buckler
rNeg    . . .      Spirit   .    b - +0 scale mail
rPois   .          Reflect  .    (no helmet)
rElec   .          Harm     .    (no cloak)
rCorr   .          Rampage  .    (no gloves)
Will    .....                    (no boots) Stlth
                                 (no amulet)
HPRegen 0.26/turn                (no ring)
MPRegen 0.09/turn                (no ring)

@: slow
A: amphibious, slowness 1, strong legs 1, +LOS
a: Hop, Renounce Religion


You were on level 2 of the Dungeon.
You worshipped Xom.
You were a very special plaything of Xom.
You visited 1 branch of the dungeon, and saw 2 of its levels.

You collected 100 gold pieces.

Inventory:

Hand Weapons
 a - a +0 war axe (weapon)
Armour
 b - a +0 scale mail (worn)
 c - a +0 buckler (worn)
Scrolls
 e - 4 scrolls of identify {unknown}
 g - a scroll of fear {unknown}
 h - a scroll of enchant armour {unknown}
 i - a scroll of enchant weapon {unknown}
 n - a scroll of fog {unknown}
Potions
 d - a potion of might
 f - 2 potions of flight {unknown}
 j - a potion of ambrosia {unknown}
 k - a potion of magic {unknown}
 l - 2 potions of curing {unknown}
 m - a potion of lignification {unknown}


   Skills:
 + Level 4.8 Fighting
 + Level 3.5 Axes
 - Level 3.6 Armour
 - Level 3.2 Shields


You had 3 spell levels left.
You didn't know any spells.
Your spell library was empty.

Dungeon Overview and Level Annotations

Branches:
Dungeon (2/15)

Altars:
Xom


Innate Abilities, Weirdness & Mutations

You are amphibious.
You cover ground slowly.
You can hop short distances.
You have an extended range of vision and can be seen from far away.


Message History

The quasit is lightly wounded.
The quasit bites you. The quasit claws you.
* * * LOW HITPOINT WARNING * * *
The quasit closely misses you.
The quasit bites you but does no damage.
The quasit claws you but does no damage.
The quasit claws you.
* * * LOW HITPOINT WARNING * * *
You barely miss the quasit.
The quasit is lightly wounded.
The quasit barely misses you. You block the quasit's attack.
The quasit claws you.
* * * LOW HITPOINT WARNING * * *
The quasit bites you but does no damage.
The quasit closely misses you. x2
The crimson imp hits you but does no damage.
You closely miss the quasit.
The quasit is lightly wounded.
You hit the crimson imp. The quasit barely misses you.
You block the quasit's attack. The quasit closely misses you.
The crimson imp closely misses you. The quasit closely misses you. x3
You closely miss the quasit.
You hit the crimson imp but do no damage.
The quasit barely misses you. The quasit closely misses you.
You block the quasit's attack. The crimson imp barely misses you.
The quasit bites you but does no damage.
The quasit barely misses you. The quasit completely misses you.
You slash the quasit!
The quasit is severely wounded.
You miss the crimson imp. The crimson imp closely misses you.
The quasit bites you.
* * * LOW HITPOINT WARNING * * *
The quasit claws you but does no damage.
The quasit closely misses you. The crimson imp closely misses you.
You block the quasit's attack. The quasit closely misses you.
The quasit misses you.
Welcome back, warriortoast the Barachi Fighter.
Xom titters.
Press ? for a list of commands and other information.
Are you sure you want to abandon this character and quit the game? (Confirm with "yes".)

#........#
#......##.#.###
#.......)#
#..)...##.#....
#...<(...#
#......##.#####
###'###### #########.###
#.############...†...#
#...........##.......###
############.##...)......
#........)...##..........
#.......@5...##..........
#......5.....##.......##.
#............######'#####
#............# #.# #
#............# #.# #
########'#'#.# #.# #
#.#.#.# #.# # #.#.#.#
#.##### ########.#.#.#
#......


You could see a quasit (summoned) and a crimson imp (summoned).

Vanquished Creatures
  2 adders (D:2)
  3 bats
  4 endoplasms (D:1)
  2 giant cockroaches (D:2)
  4 goblins
  4 hobgoblins
  5 kobolds
  A quokka (D:1)
  A ball python (D:2)
  6 frilled lizards
  6 rats
38 creatures vanquished.

Notes
Turn   | Place    | Note
-------+----------+-------------------------------------------
     0 | D:1      | warriortoast the Barachi Fighter began the quest for the
                  | Orb.
     0 | D:1      | Reached XP level 1. HP: 18/18 MP: 1/1
   164 | D:1      | Reached skill level 4 in Fighting
   164 | D:1      | Reached XP level 2. HP: 25/25 MP: 2/2
   336 | D:1      | Found a faded altar of an unknown god.
   389 | D:1      | Prayed at the altar of an unknown god.
   389 | D:1      | Became a worshipper of Xom of Chaos
   427 | D:1      | Reached XP level 3. HP: 16/31 MP: 3/3
   815 | D:2      | XOM: silly message
   817 | D:2      | XOM: scenery: 1 doors open, 1 doors close
   924 | D:2      | XOM: noise
  1225 | D:2      | Reached XP level 4. HP: 31/38 MP: 4/4
  1314 | D:2      | XOM: summons 3 hostile demons
  1324 | D:2      | Upgraded the game from 0.30-a0-728-gc68057be0a to
                  | 0.30-a0-738-g116ff8c4af
  1324 | D:2      | Quit the game

Illustrated notes

Levels and vault maps discovered:
D:1:      minmay_arrival_split_and_join, layout_rooms,
          shapermc_ecumenical_altar_notcrosses
D:2:      layout_basic, kennysheep_donut, chequers_serial_rivers_micro_c

Skill      XL: |  1  2 |
---------------+-------+-----
Fighting       | 4 |  4.8
Axes           | 3 |  3.5
Armour         | |  3.6
Shields        | |  3.2

Action                     |  1- 3 |  4- 6 || total
---------------------------+-------+-------++-------
  Melee: War axe           |   138 |    10 ||   148
 Armour: Scale mail        |    82 |    17 ||    99
  Dodge: Dodged            |    61 |    26 ||    87
  Block: Buckler           |    23 |     5 ||    28

Table legend: (Time is in decaauts)
 A = Elapsed time spent in this place.
 B = Non-inter-level travel time spent in this place.
 C = Inter-level travel time spent in this place.
 D = Time resting spent in this place.
 E = Time spent auto-exploring this place.
 F = Levels seen in this place.
 G = Mean time per level.
                   A        B        C        D        E       F      G
               +--------+--------+--------+--------+--------+-----+--------+
         Total |   1570 |   1558 |     12 |     56 |   1139 |   2 |  785.0 |
       Dungeon |   1570 |   1558 |     12 |     56 |   1139 |   2 |  785.0 |
               +--------+--------+--------+--------+--------+-----+--------+

Top non-repeatable levels by time:
     D:1: 797 daAuts
     D:2: 772 daAuts
